 Dungeon Crawl Stone Soup version 0.29.1-2-gbd0b4ee654 (webtiles) character file.

Game seed: 18074300388165307392

24415 boopmooplesden the Protected (level 12, -12/110 HPs)
             Began as a Minotaur Fighter on Nov 15, 2022.
             Was a Follower of Trog.
             Mangled by a cane toad (18 damage)
             ... on level 3 of the Lair of Beasts.
             The game lasted 00:19:01 (18698 turns).

boopmooplesden the Protected (Minotaur Fighter)    Turns: 18698, Time: 00:19:03

Health: -12/110    AC: 21    Str: 23    XL:     12   Next: 80%
Magic:  11/11      EV: 10    Int: 14    God:    Trog [*.....]
Gold:   274        SH:  6    Dex: 13    Spells: 11/11 levels left

rFire   + . .      SeeInvis .   h - +6 short sword "Ogre's Demise" {venom, rElec Will+ Int+4 Stlth+}
rCold   . . .      Faith    .   c - +0 buckler
rNeg    . . .      Spirit   .   u - +5 chain mail "Ungyr" {Int+5}
rPois   .          Reflect  .   o - +0 hat
rElec   +          Harm     .   l - scarf {repulsion}
rCorr   .          Rampage  .   j - +0 pair of gloves
Will    +....                   P - +0 pair of boots
Stlth   ..........              Q - amulet of the Air {Inacc Air Fly rElec RMsl}
HPRegen 0.28/turn               y - ring of protection from fire
MPRegen 0.12/turn               (no ring)

@: lethally poisoned (-12 -> -38), flying, repel missiles
A: horns 2, retaliatory headbutt
a: Renounce Religion, Berserk


You were on level 3 of the Lair of Beasts.
You worshipped Trog.
Trog was aware of your devotion.
You visited 2 branches of the dungeon, and saw 15 of its levels.

You collected 725 gold pieces.
You spent 451 gold pieces at shops.

Inventory:

Hand Weapons
 a - a +2 war axe
 f - a +5 dire flail of protection
 h - the +6 short sword "Ogre's Demise" (weapon) {venom, rElec Will+ Int+4 Stlth+}
   (You found it on level 4 of the Dungeon)

   It poisons the flesh of those it strikes.
   Int:       It affects your intelligence (+4).
   rElec:     It insulates you from electricity.
   Will:      It increases your willpower.
   Stlth:     It makes you more stealthy.
 m - a +4 flail of freezing
 G - a +5 falchion
Missiles
 k - 2 throwing nets (quivered)
Armour
 b - a +0 scale mail
 c - a +0 buckler (worn)
 j - a +0 pair of gloves (worn)
 l - a scarf of repulsion (worn)
 o - a +0 hat (worn)
 u - the +5 chain mail "Ungyr" (worn) {Int+5}
   (You found it on level 2 of the Dungeon)

   Int:       It affects your intelligence (+5).
 F - a +2 scale mail of fire resistance
 P - a +0 pair of boots (worn)
 R - a +0 cloak
Jewellery
 e - an amulet of the acrobat
 y - a ring of protection from fire (left hand)
 J - a ring of fire
 Q - the amulet of the Air (around neck) {Inacc Air Fly rElec RMsl}
   (You bought it in a shop on level 4 of the Dungeon)

   [amulet of nothing]

   It reduces the accuracy of all your attacks.
   It enhances your air magic.
   rElec:     It insulates you from electricity.
   Fly:       It grants you flight.
   RMsl:      It protects you from missiles.
Wands
 z - a wand of charming (23)
 A - a wand of digging (16)
 I - a wand of polymorph (1)
 K - a wand of iceblast (4)
 M - a wand of light (6)
 N - a wand of mindburst (5)
Scrolls
 q - a scroll of amnesia
 r - 3 scrolls of butterflies
 w - 4 scrolls of immolation
 x - 3 scrolls of identify
 D - a scroll of magic mapping
 H - a scroll of teleportation
Potions
 d - 4 potions of mutation
 g - 3 potions of curing
 i - 3 potions of resistance
 n - 2 potions of berserk rage
 p - 2 potions of cancellation
 s - 4 potions of lignification
 t - 3 potions of brilliance
 v - 4 potions of flight
 B - a potion of haste
 C - 4 potions of attraction
 E - 4 potions of degeneration
 L - 2 potions of invisibility
 O - a potion of might


   Skills:
 + Level 11.0 Fighting
 + Level 12.7 Short Blades
 + Level 6.9 Axes
 + Level 14.6 Armour
 + Level 5.4 Dodging
 + Level 1.9 Stealth
 + Level 10.3 Shields
 + Level 0.3 Unarmed Combat


You had 11 spell levels left.
You didn't know any spells.
Your spell library contained the following spells:

 Spells                   Type           Power      Damage    Failure   Level
 Sandblast                Erth           0%         2d4       83%         1
 Ensorcelled Hibernation  Hex/Ice        0%         N/A       93%         2
 Passwall                 Tmut/Erth      0%         N/A       93%         2
 Poisonous Vapours        Pois/Air       0%         N/A       93%         2
 Gell's Gravitas          Tloc           0%         N/A       99%         3
 Lesser Beckoning         Tloc           0%         N/A       99%         3
 Spider Form              Tmut/Pois      0%         N/A       99%         3
 Stone Arrow              Conj/Erth      0%         3d7       99%         3
 Teleport Other           Tloc           0%         N/A       99%         3
 Anguish                  Hex/Necr       0%         N/A       100%        4
 Corpse Rot               Necr/Pois/Air  0%         N/A       100%        4
 Leda's Liquefaction      Hex/Erth       0%         N/A       100%        4
 Lee's Rapid Deconstruct  Erth           0%         3d5*      100%        5
 Statue Form              Tmut/Erth      0%         N/A       100%        6


Dungeon Overview and Level Annotations

Branches:
Dungeon (12/15)            Temple (0/1) D:6            Lair (3/5) D:9
  Snake (0/4) Lair:3          Orc (0/2) D:10
  Swamp: Lair:2-3    Shoals: Lair:2-3

Altars:
Cheibriados
Fedhas
Hepliaklqana
Makhleb
Nemelex Xobeh
Trog
Vehumet
Zin

Shops:
D:2 :   D:4 =   D:10 *

Portals:
Trove: D:11 (lose all piety)


Innate Abilities, Weirdness & Mutations

You have a pair of horns on your head.
You reflexively headbutt those who attack you in melee.


Message History

Your headbutt misses the guardian serpent.
The guardian serpent hits you!
You barely miss the guardian serpent. You headbutt the guardian serpent.
The guardian serpent is lightly wounded.
The guardian serpent hits you.
You hit the guardian serpent.
Your headbutt misses the guardian serpent.
The guardian serpent is lightly wounded.
You block the guardian serpent's attack.
A cane toad comes into view.
You puncture the guardian serpent!
Your headbutt misses the guardian serpent.
The guardian serpent is moderately wounded.
The guardian serpent casts a spell at you.
The cane toad blinks!
You hit the guardian serpent.
Your headbutt misses the guardian serpent.
The guardian serpent is heavily wounded.
The cane toad stings you!
You puncture the guardian serpent!
The guardian serpent is severely wounded.
The guardian serpent hits you! The cane toad stings you.
You hit the guardian serpent.
The guardian serpent looks as sick as possible!
The guardian serpent is almost dead.
The guardian serpent casts a spell at you.
The bolt of poison hits you!!
You are poisoned.
You hit the cane toad but do no damage.
The cane toad is poisoned.
You feel sick.
The cane toad stings you but does no damage.
The guardian serpent hits you!
* * * LOW HITPOINT WARNING * * *
You hit the cane toad but do no damage.
You feel sick.
The guardian serpent coils itself and waves its upper body at you.
The bolt of poison hits you!!
You are more poisoned.
* * * LOW HITPOINT WARNING * * *
The cane toad stings you!!
You die...

. .).. ...... .
.... # .......
..... .#.......
.. ....ยง
......... ..
....>. #.......
..
......##.....###
#....S.F......#
#@.....P##
##.......#
#.......#
###......##
###.........#
##..........##
#.#.........#
###
#...........##
#.#
#.............
##.


You could see a guardian serpent (extremely poisoned) and a cane toad (very
poisoned).

Vanquished Creatures
  Gastronok (D:12)
  Snorg (D:12)
  3 hydras
  2 death yaks (Lair:3)
  A two-headed ogre (D:11)
  Pikel (D:6)
  A deep elf pyromancer (D:12)
  A cyclops (D:11)
  Joseph (D:9)
  8 elephants (Lair:2)
  3 black mambas (Lair:2)
  A torpor snail (Lair:3)
  5 cane toads
  2 unseen horrors
  Psyche (D:8)
  A kobold demonologist (D:12)
  3 komodo dragons
  2 trolls
  3 blink frogs (Lair:3)
  Sigmund (D:6)
  A wraith (D:11)
  A vampire (D:10)
  12 yaks
  2 wyverns
  4 steam dragons
  Grum (D:9)
  2 basilisks
  A swamp worm (Lair:3)
  5 water moccasins
  Edmund (D:6)
  An acid dragon (D:12)
  2 sky beasts (D:7)
  9 orc warriors
  A black bear (Lair:3)
  4 ogres
  3 wolves (D:9)
  2 phantoms (D:5)
  5 kobold brigands (D:10)
  A necrophage (D:5)
  6 bullfrogs
  4 gnoll sergeants
  6 scorpions
  3 wights (D:9)
  15 killer bees
  9 howler monkeys
  2 hounds
  5 orc priests
  A jelly (D:6)
  An iguana (D:7)
  8 orc wizards
  16 gnolls
  10 adders
  3 white imps
  2 ufetubi (D:6)
  2 worms
  2 dart slugs
  31 orcs
  8 ball pythons
  3 endoplasms
  6 giant cockroaches
  5 goblins
  6 hobgoblins
  4 jackals (D:3)
  2 quokkas (D:1)
  5 bats
  4 frilled lizards
  5 kobolds
  3 rats
277 creatures vanquished.

Vanquished Creatures (others)
  An orc wizard (D:9)
  5 fungi
  10 plants
16 creatures vanquished.

Grand Total: 293 creatures vanquished

Notes
Turn   | Place    | Note
-------+----------+-------------------------------------------
     0 | D:1      | boopmooplesden the Minotaur Fighter began the quest for the
                  | Orb.
     0 | D:1      | Reached XP level 1. HP: 19/19 MP: 0/0
   166 | D:1      | Reached skill level 4 in Armour
   237 | D:1      | Reached XP level 2. HP: 27/27 MP: 1/1
   780 | D:1      | Found a faded altar of an unknown god.
   930 | D:2      | Reached XP level 3. HP: 33/33 MP: 2/2
  1106 | D:2      | Found Tyguxtiw's Book Shop.
  1215 | D:2      | You fall into a shaft and drop 1 floor!
  1255 | D:3      | Reached XP level 4. HP: 40/40 MP: 3/3
  1539 | D:2      | Identified the +5 chain mail "Ungyr" {Int+5}
  1686 | D:3      | Found a glowing silver altar of Zin.
  2180 | D:4      | Reached skill level 1 in Dodging
  2367 | D:4      | Reached XP level 5. HP: 36/47 MP: 4/4
  2370 | D:4      | Identified the +6 short sword "Ogre's Demise" {venom, rElec
                  | Will+ Int+4 Stlth+}
  2515 | D:4      | Found Daitirel's Jewellery Shoppe.
  2805 | D:5      | Entered Level 5 of the Dungeon
  2902 | D:5      | Reached skill level 5 in Axes
  2902 | D:5      | Reached XP level 6. HP: 53/53 MP: 5/5
  3083 | D:5      | Reached skill level 5 in Armour
  3194 | D:5      | Reached skill level 5 in Fighting
  3280 | D:5      | Reached XP level 7. HP: 45/61 MP: 6/6
  3293 | D:5      | Reached skill level 1 in Short Blades
  3506 | D:5      | Reached skill level 6 in Armour
  3869 | D:6      | Noticed Edmund
  3879 | D:6      | Killed Edmund
  3978 | D:6      | Reached skill level 5 in Shields
  3978 | D:6      | Reached XP level 8. HP: 43/69 MP: 7/7
  4135 | D:6      | Found a staircase to the Ecumenical Temple.
  4179 | D:6      | Noticed Sigmund
  4183 | D:6      | Killed Sigmund
  4332 | D:6      | Found a burning altar of Makhleb.
  4520 | D:6      | Noticed Pikel
  4535 | D:6      | Killed Pikel
  4536 | D:6      | Reached skill level 5 in Short Blades
  4536 | D:6      | Reached skill level 7 in Armour
  4991 | D:7      | Reached skill level 8 in Armour
  4991 | D:7      | Reached XP level 9. HP: 42/75 MP: 8/8
  5270 | D:7      | Found a hazy altar of Hepliaklqana.
  6163 | D:8      | Noticed Psyche
  6186 | D:8      | Killed Psyche
  6187 | D:8      | Reached skill level 9 in Armour
  6187 | D:8      | Reached skill level 1 in Stealth
  6344 | D:8      | HP: 2/78 [gnoll/+0 spear[a gnoll sergeant] (3)]
  6688 | D:8      | Found a snail-covered altar of Cheibriados.
  6752 | D:8      | Found a sparkling altar of Nemelex Xobeh.
  7759 | D:9      | Reached skill level 10 in Armour
  7759 | D:9      | Reached XP level 10. HP: 55/84 MP: 9/9
  8007 | D:9      | Noticed Joseph
  8033 | D:9      | Killed Joseph
  8058 | D:9      | HP: 4/83 [wight/+5 falchion (2)]
  8313 | D:9      | Found a staircase to the Lair.
  8399 | D:9      | Found a radiant altar of Vehumet.
  8480 | D:9      | Noticed Grum
  8509 | D:9      | Killed Grum
  8620 | D:9      | Reached skill level 11 in Armour
  8700 | D:9      | Found a blossoming altar of Fedhas.
  8854 | D:10     | Entered Level 10 of the Dungeon
  8858 | D:10     | Found Qaufru's Elemental Accessories.
  9263 | D:10     | Found a staircase to the Orcish Mines.
  9626 | D:10     | Reached XP level 11. HP: 94/94 MP: 10/10
  9730 | D:10     | Found a bloodstained altar of Trog.
  9756 | D:10     | Became a worshipper of Trog the Wrathful
  9989 | D:11     | Noticed a two-headed ogre
  9996 | D:11     | Killed a two-headed ogre
 10158 | D:11     | Reached skill level 10 in Short Blades
 10320 | D:11     | Reached skill level 12 in Armour
 10354 | D:11     | Found a portal to a secret trove of treasure.
 11196 | D:11     | Noticed a four-headed hydra
 11215 | D:11     | Killed a four-headed hydra
 11962 | D:12     | Noticed Snorg
 11975 | D:12     | Killed Snorg
 12509 | D:12     | Noticed a deep elf pyromancer
 12518 | D:12     | Killed a deep elf pyromancer
 12575 | D:12     | Noticed Gastronok
 12600 | D:12     | Killed Gastronok
 12601 | D:12     | Reached skill level 13 in Armour
 12601 | D:12     | Reached skill level 5 in Dodging
 12953 | D:12     | Noticed a skeletal warrior
 12954 | D:12     | Noticed a skeletal warrior
 12956 | D:12     | Noticed a skeletal warrior
 13262 | D:12     | Noticed a skeletal warrior
 13357 | Lair:1   | Entered Level 1 of the Lair of Beasts
 14691 | Lair:2   | Noticed a four-headed hydra
 14707 | Lair:2   | Killed a four-headed hydra
 15065 | Lair:2   | Reached XP level 12. HP: 100/105 MP: 11/11
 15071 | Lair:2   | Reached * piety under Trog
 15883 | Lair:2   | Reached skill level 10 in Fighting
 16042 | D:4      | Bought the amulet of the Air {Inacc Air Fly rElec RMsl} for
                  | 451 gold pieces
 16042 | D:4      | Found the amulet of the Air {Inacc Air Fly rElec RMsl}
 16340 | Lair:2   | Reached skill level 14 in Armour
 16422 | Lair:2   | Reached skill level 10 in Shields
 17256 | Lair:3   | Noticed a death yak
 17256 | Lair:3   | Noticed a death yak
 17274 | Lair:3   | Killed a death yak
 17291 | Lair:3   | Killed a death yak
 17681 | Lair:3   | Noticed a seven-headed hydra
 17689 | Lair:3   | Killed a seven-headed hydra
 18101 | Lair:3   | Noticed a five-headed hydra
 18686 | Lair:3   | Found a staircase to the Snake Pit.
 18698 | Lair:3   | Mangled by a cane toad

Illustrated notes

Levels and vault maps discovered:
D:1:      scummos_arrival_forest, layout_basic, basic_ecumenical_altar,
          chequers_serial_rivers_micro_d
D:2:      layout_basic, serial_shops, shop
D:3:      layout_rooms, nicolae_overflow_crystal_walls
D:4:      layout_cave_pools, serial_shops, shop
D:5:      layout_basic
D:6:      layout_basic, mainiacjoe_overflow_alcove_4,
          minmay_temple_entry_enclosed_plants, uniq_sigmund, uniq_pikel,
          uniq_edmund
D:7:      layout_loops_ring, mainiacjoe_overflow_cross_hatched
D:8:      layout_loops_ring, cheibrodos_worm_habitat,
          nemelex_xobeh_ov_fountains_minmay, serial_aquarium,
          aquarium_bridge_square [aquarium_subvault_window,
          aquarium_subvault_bridge, aquarium_subvault_bridge,
          aquarium_subvault_wall], aquarium_bridge_square
          [aquarium_subvault_wall, aquarium_subvault_bridge,
          aquarium_subvault_window, aquarium_subvault_bridge],
          aquarium_window_1, aquarium_window_corner, aquarium_window_2,
          aquarium_window_1, aquarium_view_2b, aquarium_view_2c,
          aquarium_pool_split, item_on_display_a, uniq_psyche
D:9:      layout_roguey, old_standard_altar, fedhas_altar_1, dpeg_oklobed_lair,
          uniq_joseph, uniq_grum
D:10:     layout_gridville, mainiacjoe_overflow_paths,
          kennysheep_orc_monster_closet_entryway, nicolae_elemental_shop
D:11:     layout_loops_corners, nicolae_trove_entry_isolated,
          chequers_serial_rivers_micro_b
D:12:     layout_irregular_city, uniq_gastronok, uniq_snorg
Lair:1:   layout_cave_pods, beast_lair_carwin_2
Lair:2:   layout_cave_pods, lemuel_fruit_tree
Lair:3:   layout_hall_layers, palyth_hydra_swamp_entry,
          minmay_snake_entry_spellcaster, infiniplex_staircase_pool,
          serial_bayou_shore_a, serial_bayou_shore_b

Skill      XL: |  1  2  3  4  5  6  7  8  9 10 11 12 |
---------------+-------------------------------------+-----
Armour         | 4 5 6 8 10 11 13 14 | 14.6
Fighting       | 4 5 6 7 9 11 | 11.0
Axes           | 3 4 5 6 |  6.9
Shields        | 4 5 6 8 9 10 | 10.3
Dodging        | 1 2 3 4 5 |  5.4
Short Blades   | 3 5 8 9 11 12 | 12.7
Stealth        | 1 |  1.9
Unarmed Combat | |  0.3

Action                   |  1- 3 |  4- 6 |  7- 9 | 10-12 || total
-------------------------+-------+-------+-------+-------++-------
Melee: War axe           |    79 |    37 |       |       ||   116
       Headbutt          |     5 |    16 |    55 |   195 ||   271
       Short sword       |       |    45 |   243 |   844 ||  1132
       Unarmed           |       |       |       |     1 ||     1
Invok: Berserk           |       |       |       |     4 ||     4
  Use: Scroll            |       |     6 |     8 |    11 ||    25
       Potion            |       |       |     2 |     9 ||    11
Armor: Scale mail        |    53 |     9 |       |       ||    62
       Chain mail        |       |    38 |   174 |   427 ||   639
Dodge: Dodged            |    52 |    46 |   102 |   258 ||   458
       Repelled          |       |     2 |     1 |     1 ||     4
Block: Buckler           |    30 |    24 |    44 |   186 ||   284
